 Dungeon Sprint DCSS version 0.30-a0-1161-g0704695555 (webtiles) character file.

Game seed: 757892290261639372

440 sircluck the Fighter (level 7, -1/71 HPs)
             Began as a Hill Orc Fighter on Apr 27, 2023.
             Was an Initiate of Trog.
             Slain by Sonja
             ... wielding a +1 dagger of distortion
              (7 damage)
             ... in the Dungeon (Sprint I: "Red Sonja").
             The game lasted 00:01:36 (541 turns).

sircluck the Fighter (Hill Orc Fighter)              Turns: 541, Time: 00:01:37

Health: -1/71      AC: 10    Str: 21    XL:     7   Next: 2%
Magic:  7/7        EV: 10    Int:  8    God:    Trog [......]
Gold:   207        SH:  6    Dex: 10    Spells: 6/6 levels left

rFire   . . .        a - +0 war axe
rCold   . . .        c - +0 buckler
rNeg    . . .        b - +0 scale mail
rPois   .            m - +1 helmet
rElec   .            (no cloak)
rCorr   .            (no gloves)
SInv    .            (no boots)
Will    .....        (no amulet) Stlth
                     (no ring)
HPRegen 0.31/turn    (no ring)
MPRegen 0.10/turn

%: no teleportation
@: no status effects
A: no striking features
a: Renounce Religion


You were in the Dungeon.
You worshipped Trog.
Trog was noncommittal.
You visited 1 branch You collected 334 gold pieces.
You spent 127 gold pieces at shops.

Inventory:

Hand Weapons
 a - a +0 war axe (weapon)
Armour
 b - a +0 scale mail (worn)
 c - a +0 buckler (worn)
 m - a +1 helmet (worn)
Jewellery
 l - a ring of positive energy
Wands
 k - a wand of digging (5)
Scrolls
 j - a scroll of blinking
Potions
 d - a potion of might
 e - a potion of curing
 f - a potion of heal wounds
 g - a potion of haste
 h - 2 potions of magic
 i - a potion of berserk rage


   Skills:
 + Level 9.7 Fighting
 + Level 8.2 Axes
 + Level 8.7 Armour
 + Level 2.2 Dodging
 + Level 8.7 Shields


You had 6 spell levels left.
You didn't know any spells.
Your spell library was empty.

Dungeon Overview and Level Annotations

Branches:
Dungeon (1/1)

Altars:
Cheibriados
Dithmenos
Elyvilon
Fedhas
Gozag
Hepliaklqana
Kikubaaqudgha
Nemelex Xobeh
Okawaru
Qazlal
Ru
Sif Muna
Trog
Uskayaw
Vehumet
Wu Jian
Yredelemnul
Zin
The Shining One

Shops:
D [

Annotations:
D Sonja


Message History

Sonja attacks as you move away! Sonja hits you but does no damage.
Space warps around you. Sonja hits you but does no damage.
Space warps horribly around you!
Sonja hits you with a +1 dagger of distortion.
Sonja casts a spell.
Sonja blinks!
You close the door.
You now have 207 gold pieces (gained 27).
Sonja opens the door.
Sonja casts a spell.
Sonja blinks!
Sonja says, "Someone hired me to kill you, but I'm not supposed to say who."
Sonja mumbles some strange words.
Sonja blinks!
Okay, then.
As you close the door, it creaks loudly!
You start resting.
Sonja is nearby!
You barely miss Sonja.
Sonja hits you with a +1 dagger of distortion.
Space warps around you!
* * * LOW HITPOINT WARNING * * *
Sonja hits you but does no damage. Space warps around you.
* * * LOW HITPOINT WARNING * * *
You block Sonja's attack.
You completely miss Sonja.
Sonja bows elegantly.
You block Sonja's attack. Sonja hits you but does no damage.
Space warps around you.
* * * LOW HITPOINT WARNING * * *
Sonja hits you but does no damage. Space warps around you.
* * * LOW HITPOINT WARNING * * *
Sonja barely misses you. Sonja closely misses you. Sonja barely misses you.
You barely miss Sonja.
Sonja shouts, "Some dancing partner you are!"
Sonja hits you but does no damage. x2; Sonja completely misses you.
Unknown command.
You miss Sonja. Sonja closely misses you. Sonja misses you.
Sonja hits you but does no damage. Space warps around you!
You die...

#..').#..').#..+
#..#####'#####'#
#..####..#...#[#
#..#__####..##.#
#..#_____##'#_.+
#⌠⌠#_.∩...†..._#
####_..__##_.#'#
#_____###K#.#
#########@###
+..$+ #$.$#
##.## #+#


You could see Sonja.

Vanquished Creatures
  Sigmund (D)
  A yak (D)
  An ogre (D)
  A jelly (D)
  Ijyb (D)
5 creatures vanquished.

Notes
Turn   | Place    | Note
-------+----------+-------------------------------------------
     0 | D        | sircluck the Hill Orc Fighter began the quest for the Orb.
     0 | D        | Reached XP level 1. HP: 19/19 MP: 1/1
     1 | D        | Noticed Ijyb
     9 | D        | Killed Ijyb
    10 | D        | Reached skill level 5 in Fighting
    10 | D        | Reached XP level 2. HP: 25/29 MP: 2/2
    10 | D        | Reached XP level 3. HP: 31/36 MP: 3/3
    14 | D        | Noticed an ogre
    23 | D        | Killed an ogre
    24 | D        | Reached skill level 7 in Fighting
    24 | D        | Reached skill level 5 in Axes
    24 | D        | Reached XP level 4. HP: 13/47 MP: 4/4
   151 | D        | Noticed Sigmund
   161 | D        | Killed Sigmund
   162 | D        | Reached skill level 8 in Fighting
   162 | D        | Reached skill level 1 in Dodging
   162 | D        | Reached XP level 5. HP: 56/56 MP: 5/5
   162 | D        | Reached XP level 6. HP: 62/62 MP: 6/6
   176 | D        | Found an ornate altar of the Wu Jian Council.
   176 | D        | Found a shimmering blue altar of Sif Muna.
   178 | D        | Found a radiant altar of Vehumet.
   330 | D        | Found Ceing's Antique Armour Emporium.
   330 | D        | Found an ancient bone altar of Kikubaaqudgha.
   330 | D        | Found a hazy altar of Hepliaklqana.
   330 | D        | Found a stormy altar of Qazlal.
   330 | D        | Found a hide-covered altar of Uskayaw.
   330 | D        | Found a blossoming altar of Fedhas.
   330 | D        | Found a bloodstained altar of Trog.
   330 | D        | Found an iron altar of Okawaru.
   330 | D        | Found a basalt altar of Yredelemnul.
   330 | D        | Found a glowing golden altar of the Shining One.
   330 | D        | Found a snail-covered altar of Cheibriados.
   330 | D        | Found a sacrificial altar of Ru.
   330 | D        | Found a glowing silver altar of Zin.
   330 | D        | Found a shadowy altar of Dithmenos.
   330 | D        | Found a white marble altar of Elyvilon.
   330 | D        | Noticed a yak
   346 | D        | Killed a yak
   347 | D        | Reached skill level 9 in Fighting
   347 | D        | Reached XP level 7. HP: 18/71 MP: 7/7
   347 | D        | Found an opulent altar of Gozag.
   348 | D        | Found a sparkling altar of Nemelex Xobeh.
   352 | D        | Bought a runed helmet for 127 gold pieces
   370 | D        | Became a worshipper of Trog the Wrathful
   524 | D        | Noticed Sonja
   541 | D        | Slain by Sonja

Illustrated notes

Levels and vault maps discovered:
D:        dungeon_sprint_1 [red_sonja_temple_1, red_sonja_temple_small_1]

Skill      XL: |  1  2  3  4  5  6 |
---------------+-------------------+-----
Fighting       | 5 7 8 9 |  9.7
Axes           | 3 5 6 8 |  8.2
Armour         | 4 6 7 8 |  8.7
Shields        | 4 6 7 8 |  8.7
Dodging        | 1 2 |  2.2

Action                     |  1- 3 |  4- 6 |  7- 9 || total
---------------------------+-------+-------+-------++-------
  Melee: War axe           |    15 |    31 |     6 ||    52
 Armour: Scale mail        |     2 |     6 |    13 ||    21
  Dodge: Dodged            |     5 |     9 |     7 ||    21
  Block: Buckler           |     4 |     9 |     4 ||    17

Table legend: (Time is in decaauts)
 A = Elapsed time spent in this place.
 B = Non-inter-level travel time spent in this place.
 C = Inter-level travel time spent in this place.
 D = Time resting spent in this place.
 E = Time spent auto-exploring this place.
 F = Levels seen in this place.
 G = Mean time per level.
                   A        B        C        D        E       F      G
               +--------+--------+--------+--------+--------+-----+--------+
         Total |    552 |    552 |      0 |    262 |    124 |   1 |  552.0 |
       Dungeon |    552 |    552 |      0 |    262 |    124 |   1 |  552.0 |
               +--------+--------+--------+--------+--------+-----+--------+

Top non-repeatable levels by time:
       D: 552 daAuts
